 Dungeon Crawl Stone Soup version 0.27.0-1-g7a089689b8 (webtiles) character file.

Game seed: 247834463150664406

106 oldmanjim the Chopper (level 4, -3/36 HPs)
             Began as a Deep Dwarf Fire Elementalist on Aug 14, 2021.
             Slain by an iguana (8 damage)
             ... on level 3 of the Dungeon.
             The game lasted 00:16:57 (2321 turns).

oldmanjim the Chopper (DDFE)                        Turns: 2321, Time: 00:16:58

Health: -3/36      AC:  3    Str: 12    XL:     4   Next: 55%
Magic:  2/5        EV: 12    Int: 16    God:
Gold:   81         SH:  0    Dex: 13    Spells: 5/6 levels left

rFire    . . .     SeeInvis +   a - +0 hand axe
rCold    . . .     Faith    .   (no shield)
rNeg     . . .     Spirit   .   b - +0 robe
rPois    .         Reflect  .   (no helmet)
rElec    .         Harm     .   (no cloak)
rCorr    .         Rampage  .   (no gloves)
Will     .....                  i - +0 pair of boots
Stlth    ++........             (no amulet)
HPRegen  0.00/turn              m - ring of see invisible
MPRegen  0.09/turn              (no ring)

@: no status effects
A: damage resistance, heal wounds, sense surroundings 1, no regeneration
a: Heal Wounds


You were on level 3 of the Dungeon.
You visited 1 branch of the dungeon, and saw 3 of its levels.

You collected 105 gold pieces.
You spent 24 gold pieces at shops.

Inventory:

Hand Weapons
 a - a +0 hand axe (weapon)
Missiles
 c - 11 poisoned darts (quivered)
 d - 26 bolts
 g - 12 stones
 n - 21 sling bullets
Armour
 b - a +0 robe (worn)
 i - a +0 pair of boots (worn)
Magical Staves
 q - a staff of cold
Jewellery
 m - a ring of see invisible (left hand)
Scrolls
 e - a scroll of noise {unknown}
 h - a scroll of magic mapping {unknown}
 j - a scroll of identify {unknown}
 k - a scroll of enchant armour {unknown}
 s - a scroll of enchant weapon {unknown}
Potions
 f - a potion of magic {unknown}
 l - a potion of cancellation {unknown}
 o - a potion of experience {unknown}
 p - 2 potions of heal wounds {unknown}
 r - a potion of haste {unknown}


   Skills:
 + Level 3.2 Axes
 - Level 3.0 Dodging
 - Level 3.0 Stealth
 - Level 1.7 Spellcasting
 - Level 2.0 Conjurations
 - Level 2.6 Fire Magic


You had 5 spell levels left.
You knew the following spells:

 Your Spells              Type           Power      Damage    Failure   Level
a - Foxfire               Conj/Fire      32%        2x1d5     9%          1

Your spell library contained the following spells:

 Spells                   Type           Power      Damage    Failure   Level
 Conjure Flame            Conj/Fire      8%         6-21      24%         3
 Inner Flame              Hex/Fire       5%         N/A       36%         3
 Sticky Flame             Conj/Fire      8%         2d3       63%         4
 Fireball                 Conj/Fire      4%         3d4       92%         5


Dungeon Overview and Level Annotations

Branches:
Dungeon (3/15)

Altars:

Shops:
D:1 *

Annotations:
D:3 Grinder


Innate Abilities, Weirdness & Mutations

You are resistant to damage.
You can heal yourself by infusing magical energy.
You passively map a small area around you.
You do not regenerate.


Message History

The foxfire hits the iguana but does no damage.
The iguana is moderately wounded.
The foxfire hits the iguana but does no damage.
The iguana is moderately wounded.
Casting: Foxfire (safe; 9% risk of failure)
Confirm with . or Enter, or press ? or * to list all spells.
You conjure some foxfire!
The foxfire hits the iguana but does no damage.
The iguana is moderately wounded.
The foxfire hits the iguana but does no damage.
The iguana is moderately wounded.
Casting: Foxfire (safe; 9% risk of failure)
Confirm with . or Enter, or press ? or * to list all spells.
You conjure some foxfire!
The foxfire hits the iguana.
The iguana is severely wounded.
The foxfire hits the iguana but does no damage.
The iguana is severely wounded.
You hit the iguana but do no damage.
The iguana is severely wounded.
The iguana bites you!
You barely miss the iguana.
The iguana is severely wounded.
The iguana bites you!
You hit the iguana.
The iguana is severely wounded.
The iguana bites you.
You hit the iguana but do no damage.
The iguana is severely wounded.
The iguana barely misses you. The iguana completely misses you.
You hit the iguana but do no damage.
The iguana is severely wounded.
The iguana bites you!
* * * LOW HITPOINT WARNING * * *
You hit the iguana but do no damage.
The iguana is severely wounded.
The iguana closely misses you.
You hit the iguana.
The iguana is almost dead.
The iguana bites you!
You die...

** * ,
.##.#.# # **
, #......#.#
#.#....#.# ,
,
*#.#......##.
,
#.#.........*
* * #.##.#.#
#.#<...#
#l##.#.#
#.@..###
#.#### #. ##


You could see an iguana.

Vanquished Creatures
  4 gnolls
  An adder (D:2)
  3 dart slugs (D:2)
  2 endoplasms (D:1)
  3 giant cockroaches
  3 goblins
  A hobgoblin (D:2)
  10 jackals
  2 quokkas (D:1)
  4 ball pythons (D:2)
  5 bats (D:1)
  2 frilled lizards (D:1)
  6 kobolds
  5 rats
  A spectral hobgoblin (D:2)
52 creatures vanquished.

Vanquished Creatures (others)
  118 foxfires
118 creatures vanquished.

Grand Total: 170 creatures vanquished

Notes
Turn   | Place    | Note
-------+----------+-------------------------------------------
     0 | D:1      | oldmanjim the Deep Dwarf Fire Elementalist began the quest
                  | for the Orb.
     0 | D:1      | Reached XP level 1. HP: 15/15 MP: 3/3
    89 | D:1      | Reached skill level 1 in Conjurations
   319 | D:1      | Reached XP level 2. HP: 22/22 MP: 2/4
   359 | D:1      | Found Juaf's Assorted Antiques.
   362 | D:1      | Bought a fizzy ruby potion for 24 gold pieces
   951 | D:2      | Reached XP level 3. HP: 17/28 MP: 5/5
  1157 | D:2      | Reached skill level 1 in Axes
  1327 | D:2      | Found a faded altar of an unknown god.
  1618 | D:1      | Reached XP level 4. HP: 30/36 MP: 5/5
  2285 | D:3      | Noticed Grinder
  2321 | D:3      | Slain by an iguana

Illustrated notes

Levels and vault maps discovered:
D:1:      scummos_arrival_forest, layout_loops_cross, serial_shops, shop
D:2:      layout_rooms, dreamdust_ecumenical_altar_drowned_temple
D:3:      layout_basic, uniq_grinder, uniq_natasha

Skill      XL: |  1  2  3  4 |
---------------+-------------+-----
Conjurations   | 1 2 |  2.0
Stealth        | 3 |  3.0
Dodging        | 3 |  3.0
Axes           | 2 3 |  3.2
Spellcasting   | |  1.7
Fire Magic     | |  2.6

Action                   |  1- 3 |  4- 6 || total
-------------------------+-------+-------++-------
Melee: Hand axe          |    71 |     9 ||    80
Throw: Dart              |     1 |       ||     1
 Cast: Foxfire           |    62 |    16 ||    78
 Abil: Heal Wounds       |     3 |       ||     3
 Stab: Sleeping          |     1 |       ||     1
Armor: Robe              |    20 |       ||    20
Dodge: Dodged            |    56 |     6 ||    62
